 Dungeon Crawl Stone Soup version 0.24.0-41-g2ae2f7f1be (webtiles) character file.

Game seed: 6293804533584149203, levelgen mode: deterministic

153559 Goreval the Brawler (level 17, 0/175 HPs)
             Began as a Troll Berserker on Dec 14, 2019.
             Was a High Priest of Trog.
             Hit by a silver javelin thrown by a merfolk javelineer (17 damage)
             ... on level 4 of the Shoals.
             The game lasted 01:51:12 (27390 turns).

Goreval the Brawler (Troll Berserker)              Turns: 27390, Time: 01:51:12

Health: 0/175      AC: 19    Str: 30    XL:     17   Next: 5%
Magic:  18/18      EV: 12    Int:  8    God:    Trog [*****.]
Gold:   1647       SH: 19    Dex: 13    Spells: 16/16 levels left

rFire    . . .     SeeInvis +     - Unarmed
rCold    + + +     Gourm    +   Y - +0 large shield
rNeg     . . .     Faith    .   T - +2 ice dragon scales
rPois    .         Spirit   .   z - +0 hat {Int+3}
rElec    +         Reflect  .   x - +2 cloak
rCorr    .         Harm     .   (gloves unavailable)
MR       +....                  (boots unavailable)
Stlth    ..........             w - amulet of regeneration
HPRegen  1.59/turn              h - ring "Emuavekh" {+Fly rElec rC+ SInv}
MPRegen  0.16/turn              j - ring of protection from fire

@: lethally poisoned (0 -> 0)
A: large, unfitting armour, claws 3, clever 1, fast metabolism 3, gourmand,
regeneration 2, shaggy fur 1, tough skin 3, wild magic 1
a: Berserk, Trog's Hand, Brothers in Arms, Renounce Religion, Evoke Flight


You were on level 4 of the Shoals.
You worshipped Trog.
Trog was extremely pleased with you.
You were very full.

You visited 4 branches of the dungeon, and saw 26 of its levels.

You collected 1868 gold pieces.
You spent 221 gold pieces at shops.

Inventory:

Hand Weapons
 a - a +0 hand axe of flaming
Missiles
 l - 4 datura-tipped darts
 A - 13 curare-tipped darts
 E - 12 atropa-tipped darts
 G - 9 throwing nets
 K - 41 large rocks (quivered)
 L - 6 silver javelins
 U - 4 boomerangs of dispersal
Armour
 o - a +1 robe of fire resistance
 x - a +2 cloak (worn)
 z - a +0 hat of intelligence (worn)
 C - the +0 troll leather armour of Perfidy {Regen+ rCorr Str+3 Dex+4}
   (You found it on level 12 of the Dungeon)

   It affects your strength (+3).
   It affects your dexterity (+4).
   It increases your rate of regeneration.
   It provides partial protection from all sources of acid and corrosion.
 T - +2 ice dragon scales (worn)
 Y - a +0 large shield (worn)
Jewellery
 c - an uncursed ring of positive energy
 h - the ring "Emuavekh" (left claw) {+Fly rElec rC+ SInv}
   (You found it on level 3 of the Shoals)

   [ring of flight]

   It protects you from cold.
   It insulates you from electricity.
   It lets you see invisible.
   It lets you fly.
 j - a ring of protection from fire (right claw)
 k - an uncursed ring of ice
 w - an amulet of regeneration (around neck)
 F - an uncursed ring of protection from magic
Wands
 B - a wand of iceblast (15)
 I - a wand of paralysis (22)
 N - a wand of disintegration (29)
 S - a wand of digging (3)
 V - a wand of acid (14)
 X - a wand of polymorph (10)
Scrolls
 d - 9 scrolls of enchant armour
 e - 13 scrolls of remove curse
 f - 7 scrolls of identify
 m - a scroll of holy word
 n - 9 scrolls of teleportation
 r - 3 scrolls of magic mapping
 y - 3 scrolls of enchant weapon
 J - 4 scrolls of blinking
 M - a scroll of silence
 O - 3 scrolls of fog
 P - a scroll of brand weapon
 W - a scroll of fear
Potions
 g - 4 potions of flight
 i - a potion of agility
 p - 2 potions of invisibility
 s - 8 potions of curing
 t - 6 potions of brilliance
 u - 2 potions of haste
 v - 6 potions of heal wounds
 H - 4 potions of resistance
 Q - 3 potions of cancellation
 R - a potion of mutation
 Z - a potion of lignification
Miscellaneous
 D - a phantom mirror
Comestibles
 b - 67 rations
 q - 3 chunks of flesh


   Skills:
 + Level 12.9 Fighting
 - Level 10.3 Throwing
 * Level 3.1 Armour
 - Level 11.7 Dodging
 + Level 10.3 Shields
 + Level 16.5 Unarmed Combat
 - Level 3.0 Evocations


You had 16 spell levels left.
You didn't know any spells.
Your spell library was empty.

Dungeon Overview and Level Annotations

Branches:
Dungeon (15/15)            Temple (1/1) D:4            Lair (6/6) D:11
 Shoals (4/4) Lair:3       Spider (0/4) Lair:2        Slime (0/5) Lair:6
    Orc (0/2) D:9          Vaults (0/5) D:13         Depths (0/5) D:15

Altars:
Ashenzari
Cheibriados
Dithmenos
Elyvilon
Fedhas
Gozag
Hepliaklqana
Kikubaaqudgha
Makhleb
Nemelex Xobeh
Okawaru
Qazlal
Ru
Sif Muna
Trog
Uskayaw
Vehumet
Wu Jian
Xom
Yredelemnul
Zin
The Shining One
Jiyva
Lugonu

Shops:
D:5 :[[[   Shoals:3 *

Portals:
Trove: D:10 (give +3 fire dragon scales)

Annotations:
Lair:1 1 runed translucent door, tape's ghost, journeyman OpTm
Lair:2 1 runed translucent door, Zapai's ghost, journeyman DgAr
Lair:4 2 transporters, FishyPogo's ghost, journeyman GnSu


Innate Abilities, Weirdness & Mutations

You are too large for most types of armour.
You have claws for hands.
Your metabolism is lightning-fast.
You like to eat raw meat.
You heal very quickly.
You are covered in fur. (AC +1)
You have extremely tough skin. (AC +3)
Your mind is acute. (Int +2)
Your spells are a little harder to cast, but a little more powerful.


Message History

The merfolk siren chants a haunting song.
You resist.
The merfolk javelineer throws a javelin.
The javelin pierces through your ogre! The javelin pierces through you!
* * * LOW HITPOINT WARNING * * *
The merfolk javelineer throws a silver javelin.
The silver javelin pierces through your ogre!
The silver javelin pierces through you!
* * * LOW HITPOINT WARNING * * *
The silver sears you!
* * * LOW HITPOINT WARNING * * *
Your ogre barely misses the merfolk javelineer.
Unknown command.
Unknown command.
You feel sick. Something hits your ogre!
Your ogre dies!
Your ogre's corpse disappears in a puff of smoke!
The merfolk javelineer throws a silver javelin.
The silver javelin pierces through you!
You die...

≈≈≈≈≈≈≈≈≈≈≈≈≈≈≈≈≈≈≈
≈≈≈≈≈≈≈≈≈≈≈≈≈≈≈≈≈≈≈≈≈≈≈≈≈≈≈
≈≈≈≈≈≈≈≈≈≈≈≈≈≈≈≈≈≈≈≈≈≈≈≈≈≈≈
≈≈≈≈≈≈≈≈≈≈≈≈≈≈≈≈≈≈≈≈≈≈≈≈≈≈≈
≈≈≈≈≈≈≈≈≈≈≈≈≈mm≈≈≈≈≈≈≈≈≈≈≈≈≈≈≈≈≈≈
≈≈≈≈≈≈≈≈≈≈≈≈≈m§)≈≈≈≈≈≈≈≈≈≈≈≈≈≈≈≈≈
≈≈≈≈≈≈≈≈≈≈##†##...≈≈≈≈≈≈≈≈≈≈≈≈≈≈≈
≈≈≈≈≈≈≈≈≈##m) ##≈...≈≈≈≈≈≈≈≈≈≈≈≈≈
≈≈≈≈≈≈≈≈≈#≈.mm #@...(.≈≈.≈..≈≈≈≈≈
≈≈≈≈≈≈≈≈≈#≈.φ #....(.#####...≈≈≈
≈≈≈≈≈≈≈≈≈#≈≈. #..÷..##≈..##...≈≈
)≈≈≈≈≈≈≈≈##≈. ##.....#≈≈...#....≈
≈≈≈≈≈≈≈≈≈≈#####......'≈....'.....
≈≈≈≈≈≈≈≈≈≈≈≈≈≈≈......#≈.=..#.....
≈≈≈≈≈≈≈≈≈≈≈≈≈≈.......##...##÷....
≈≈≈≈≈≈≈≈≈≈≈≈≈≈≈.......#####......
≈≈≈≈≈≈(≈≈≈≈≈≈≈≈....≈.............


You could see a merfolk javelineer and a merfolk siren.

Vanquished Creatures
  Frances (Shoals:1)
  A tengu reaver (D:12)
  Kirke (Shoals:1)
  Ilsuiw (Shoals:2)
  A fire giant (D:12)
  A stone giant (Shoals:1)
  10 merfolk impalers
  Erolcha (D:12)
  A yaktaur captain (D:12)
  4 vault guards (D:13)
  2 ice dragons (D:15)
  4 catoblepae
  An alligator snapping turtle (Shoals:4)
  5 hydras
  5 merfolk avatars
  5 centaur warriors
  4 merfolk aquamancers
  2 ogre magi
  8 two-headed ogres
  2 satyrs
  5 tengu warriors
  9 death yaks
  7 skeletal warriors
  3 unseen horrors
  9 sea snakes
  A wizard (D:14)
  The ghost of farkougg the Martial Artist, a novice OpTm of Cheibriados (D:10)
  2 harpies (Shoals:4)
  A deep elf mage (D:12)
  7 ugly things
  9 cyclopes
  5 merfolk sirens
  18 manticores
  3 elephants (Lair:4)
  9 fauns
  A black mamba (Lair:5)
  4 water nymphs
  A gargoyle (D:14)
  16 spiny frogs
  Psyche (D:10)
  5 centaur skeletons
  A kobold demonologist (D:11)
  A rime drake (Lair:4)
  An efreet (D:14)
  7 komodo dragons
  A redback zombie (D:15)
  A freezing wraith (D:14)
  4 trolls
  A queen bee (D:12)
  A hornet (shapeshifter) (D:14)
  A polar bear (Lair:4)
  26 merfolk
  A hornet (D:15)
  3 meliai (D:12)
  8 wind drakes
  17 hippogriffs
  21 blink frogs
  4 snapping turtles
  A meliai zombie (D:15)
  11 dream sheep
  3 shadows
  6 water elementals
  2 wraiths
  3 wyverns (Lair:4)
  A tarantella (Lair:2)
  8 humans (D:13)
  7 basilisks
  83 yaks
  2 hungry ghosts
  2 vampire mosquitoes (D:14)
  4 wargs
  Edmund (D:5)
  A soldier ant (D:15)
  Duvessa (D:5)
  7 porcupines
  19 water moccasins
  A black bear (D:11)
  2 sky beasts
  5 ice beasts
  2 phantoms
  18 orc warriors
  A swamp drake (shapeshifter) (D:12)
  2 necrophages (D:15)
  2 eyes of draining (D:4)
  A hornet zombie (D:14)
  A wolf (shapeshifter) (D:13)
  8 ogres
  30 wolves
  11 centaurs
  12 crocodiles
  7 big kobolds
  13 bullfrogs
  Dowan (D:5)
  2 scorpions
  19 wights
  37 killer bees
  6 howler monkeys
  5 electric eels
  9 crimson imps
  2 centaur zombies
  A wyvern simulacrum (D:14)
  3 bullfrog zombies
  A jelly (D:12)
  2 quasits (D:10)
  21 orc priests
  2 human zombies (D:15)
  A bullfrog skeleton (D:5)
  A gnoll shaman (D:9)
  6 hounds
  27 orc wizards
  12 iguanas
  12 worker ants
  A hound skeleton (D:8)
  2 mummies (D:15)
  A howler monkey zombie (D:10)
  8 gnolls
  16 adders
  A shadow imp (D:6)
  5 oozes
  5 adder skeletons
  A worm (D:2)
  3 dart slugs
  5 leopard geckos
  61 orcs
  8 giant cockroaches
  5 hobgoblins
  5 jackals
  5 quokkas
  6 ball pythons
  6 bats
  3 frilled lizards
  7 goblins
  A jackal skeleton (D:5)
  28 kobolds
  2 orc skeletons (D:15)
  2 quokka skeletons
  10 rats
921 creatures vanquished.

Vanquished Creatures (collateral kills)
  Jorgrun (Shoals:1)
  A merfolk javelineer (Shoals:4)
  2 hydras
  A merfolk aquamancer (Shoals:4)
  2 snapping turtles (Shoals:4)
  A water elemental (Shoals:4)
  A basilisk (Lair:3)
  5 hogs (Shoals:1)
  9 wolves (Lair:3)
  A fungus (Lair:6)
24 creatures vanquished.

Vanquished Creatures (others)
  A centaur skeleton (D:14)
  3 fungi
  9 plants
  4 tentacles (Shoals:2)
  2 withered plants (Lair:1)
19 creatures vanquished.

Grand Total: 964 creatures vanquished

Notes
Turn   | Place    | Note
-------+----------+-------------------------------------------
     0 | D:1      | Goreval the Troll Berserker began the quest for the Orb.
     0 | D:1      | Reached XP level 1. HP: 22/22 MP: 0/0
   124 | D:1      | Reached XP level 2. HP: 29/29 MP: 1/1
   356 | D:1      | Reached XP level 3. HP: 34/36 MP: 2/2
   357 | D:1      | Reached ** piety under Trog
   853 | D:2      | Found a blossoming altar of Fedhas.
   919 | D:2      | Found a burning altar of Makhleb.
   935 | D:2      | Reached skill level 4 in Unarmed Combat
   935 | D:2      | Reached XP level 4. HP: 44/44 MP: 3/3
  1714 | D:2      | Reached *** piety under Trog
  1714 | D:2      | Reached XP level 5. HP: 53/53 MP: 4/4
  2198 | D:3      | Found a faded altar of an unknown god.
  2324 | D:3      | You fall into a shaft and drop 1 floor!
  2340 | D:4      | Found a staircase to the Ecumenical Temple.
  2414 | Temple   | Entered the Ecumenical Temple
  2526 | D:4      | Found a bloodstained altar of Trog.
  2526 | D:4      | Noticed an eye of draining
  2539 | D:4      | Noticed an eye of draining
  2546 | D:4      | Killed an eye of draining
  2546 | D:4      | Reached skill level 5 in Unarmed Combat
  2553 | D:4      | Killed an eye of draining
  2553 | D:4      | Reached XP level 6. HP: 61/61 MP: 1/5
  3327 | D:5      | Entered Level 5 of the Dungeon
  3349 | D:5      | Found Uleoggir's Antique Armour Boutique.
  3353 | D:5      | Bought a creamy pearl robe for 131 gold pieces
  3363 | D:5      | Identified the cursed +0 robe of Ivvun {MR+} (You bought it
                  | in a shop on level 5 of the Dungeon)
  3369 | D:5      | Found a sparkling altar of Nemelex Xobeh.
  3369 | D:5      | Found Zin's Purification Station.
  3385 | D:5      | Reached skill level 6 in Unarmed Combat
  3389 | D:5      | Reached XP level 7. HP: 54/70 MP: 6/6
  3432 | D:5      | Found a glowing silver altar of Zin.
  3543 | D:5      | Found Igoech's Book Shoppe.
  3601 | D:5      | Found an opulent altar of Gozag.
  3662 | D:5      | Found a shimmering blue altar of Sif Muna.
  3675 | D:5      | Found a hazy altar of Hepliaklqana.
  3737 | D:5      | Noticed Edmund
  3756 | D:5      | Killed Edmund
  3756 | D:5      | Reached skill level 7 in Unarmed Combat
  3803 | D:5      | Found a shattered altar of Ashenzari.
  3835 | D:5      | Found Azymnaell's Antique Armour Shoppe.
  3939 | D:5      | Noticed Duvessa
  3939 | D:5      | Noticed Dowan
  3949 | D:5      | Killed Duvessa
  3949 | D:5      | Reached XP level 8. HP: 79/79 MP: 7/7
  3954 | D:5      | Killed Dowan
  3974 | D:5      | Found Byhusih's Armour Shop.
  4000 | D:5      | Bought a potion of curing for 90 gold pieces
  4008 | D:5      | Found an ornate altar of the Wu Jian Council.
  4159 | D:6      | Reached **** piety under Trog
  4251 | D:6      | Reached skill level 8 in Unarmed Combat
  4299 | D:6      | Reached skill level 5 in Fighting
  4299 | D:6      | Reached skill level 5 in Dodging
  4400 | D:6      | Found a basalt altar of Yredelemnul.
  4631 | D:6      | Reached XP level 9. HP: 88/88 MP: 8/8
  4668 | D:6      | Reached skill level 9 in Unarmed Combat
  5100 | D:6      | Found a glowing golden altar of the Shining One.
  5407 | D:7      | Noticed a manticore
  5416 | D:7      | Killed a manticore
  5416 | D:7      | Reached skill level 10 in Unarmed Combat
  5495 | D:7      | Reached ***** piety under Trog
  5853 | D:7      | Found an opulent altar of Gozag.
  6068 | D:8      | Found a hide-covered altar of Uskayaw.
  6069 | D:8      | Noticed a +0 hand axe
  6069 | D:8      | Noticed a +0 hand axe
  6143 | D:8      | Found a radiant altar of Vehumet.
  6143 | D:8      | Found an iron altar of Okawaru.
  6144 | D:8      | Found a sacrificial altar of Ru.
  6248 | D:8      | Reached XP level 10. HP: 100/100 MP: 9/9
  6258 | D:8      | Reached skill level 1 in Throwing
  6332 | D:8      | Noticed a three-headed hydra
  6336 | D:8      | Killed a three-headed hydra
  6336 | D:8      | Reached skill level 11 in Unarmed Combat
  6677 | D:8      | Reached skill level 1 in Evocations
  7409 | D:9      | Received a gift from Trog
  7824 | D:9      | Found a staircase to the Orcish Mines.
  8172 | D:10     | Entered Level 10 of the Dungeon
  8176 | D:10     | Noticed Psyche
  8208 | D:10     | Reached XP level 11. HP: 108/109 MP: 11/11
  8256 | D:10     | Received a gift from Trog
  8263 | D:10     | HP: 3/109 [yak (16)]
  8494 | D:10     | Received a gift from Trog
  8494 | D:10     | Reached skill level 12 in Unarmed Combat
  8621 | D:10     | Received a gift from Trog
  8624 | D:10     | Got a crystal short sword {god gift}
  8626 | D:10     | Identified the +7 short sword "Bairpha" {drain, rPois
                  | Int+3} (Trog gifted it to you on level 10 of the Dungeon)
  8641 | D:10     | Found a runed translucent door.
  8641 | D:10     | Noticed farkougg's ghost (novice OpTm)
  8793 | D:10     | Found a portal to a secret trove of treasure.
  8910 | D:11     | Noticed a seven-headed hydra
  9066 | D:11     | Noticed a two-headed ogre
  9080 | D:11     | Killed a two-headed ogre
  9202 | D:11     | Killed a seven-headed hydra
  9673 | D:10     | Killed Psyche
  9848 | D:11     | Found a staircase to the Lair.
 10188 | Lair:1   | Entered Level 1 of the Lair of Beasts
 10205 | Lair:1   | Noticed a seven-headed hydra
 10209 | D:11     | Reached skill level 5 in Throwing
 10623 | Lair:1   | Killed a one-headed hydra
 10623 | Lair:1   | Reached skill level 13 in Unarmed Combat
 10623 | Lair:1   | Reached XP level 12. HP: 68/120 MP: 13/13
 10842 | Lair:1   | Received a gift from Trog
 11061 | Lair:1   | Found a runed translucent door.
 11061 | Lair:1   | Noticed tape's ghost (journeyman OpTm)
 11210 | Lair:1   | Reached ****** piety under Trog
 12015 | Lair:2   | Noticed a catoblepas
 12035 | Lair:2   | Killed a catoblepas
 12074 | Lair:2   | Found a runed translucent door.
 12227 | Lair:2   | Found a hole to the Spider Nest.
 12395 | Lair:2   | Reached skill level 14 in Unarmed Combat
 12821 | Lair:2   | Noticed Zapai's ghost (journeyman DgAr)
 12949 | Lair:3   | Noticed a death yak
 12950 | Lair:3   | Noticed a death yak
 12951 | Lair:3   | Noticed a death yak
 12984 | Lair:3   | Killed a death yak
 12987 | Lair:3   | Noticed a death yak
 12990 | Lair:3   | Killed a death yak
 13037 | Lair:2   | Killed a death yak
 13118 | Lair:3   | Killed a death yak
 13118 | Lair:3   | Reached XP level 13. HP: 91/131 MP: 14/14
 13277 | Lair:3   | Received a gift from Trog
 13996 | Lair:3   | Found a staircase to the Shoals.
 14344 | Lair:4   | Reached skill level 15 in Unarmed Combat
 14367 | Lair:4   | Found a transporter.
 14367 | Lair:4   | Found a transporter.
 14388 | Lair:4   | Noticed FishyPogo's ghost (journeyman GnSu)
 15238 | Lair:5   | Received a gift from Trog
 15480 | Lair:5   | Reached skill level 10 in Dodging
 16221 | Lair:6   | Entered Level 6 of the Lair of Beasts
 16231 | Lair:5   | Received a gift from Trog
 16368 | Lair:6   | Reached XP level 14. HP: 141/141 MP: 15/15
 16575 | Lair:6   | Found a shimmering blue altar of Sif Muna.
 16639 | Lair:6   | Found a viscous altar of Jiyva.
 16640 | Lair:6   | Found a staircase to the Slime Pits.
 16801 | Lair:6   | Reached skill level 10 in Fighting
 17308 | Lair:6   | Gained mutation: You heal very quickly. [potion of
                  | mutation]
 17308 | Lair:6   | Gained mutation: Your spells are a little harder to cast,
                  | but a little more powerful. [potion of mutation]
 17308 | Lair:6   | Gained mutation: Your mind is acute. (Int +2) [potion of
                  | mutation]
 17988 | D:12     | Received a gift from Trog
 18025 | D:12     | Noticed Erolcha
 18033 | D:12     | Killed Erolcha
 18177 | D:12     | Found a shimmering blue altar of Sif Muna.
 18906 | D:12     | Reached skill level 10 in Throwing
 18976 | D:12     | Noticed a fire giant
 18980 | D:12     | Noticed a tengu reaver
 18982 | D:12     | Killed a fire giant
 19318 | D:12     | Killed a tengu reaver
 19470 | D:12     | Received a gift from Trog
 19569 | D:12     | Got a shimmering troll leather armour
 19581 | D:12     | Identified the cursed +0 troll leather armour of Perfidy
                  | {Regen+ rCorr Str+3 Dex+4} (You found it on level 12 of the
                  | Dungeon)
 19584 | D:12     | Identified Afoikly's Papyrus of Ashen Displacement
 19979 | D:13     | Reached skill level 1 in Armour
 19996 | D:13     | Reached XP level 15. HP: 122/152 MP: 16/16
 20004 | D:13     | Received a gift from Trog
 20066 | D:13     | Found a gate to the Vaults.
 20161 | D:13     | Reached skill level 1 in Shields
 21311 | D:14     | Received a gift from Trog
 21446 | D:14     | You fall into a shaft and drop 1 floor!
 21446 | D:15     | Entered Level 15 of the Dungeon
 21446 | D:15     | Found a blossoming altar of Fedhas.
 21563 | D:15     | Reached skill level 5 in Shields
 22428 | D:15     | Found a staircase to the Depths.
 22985 | D:15     | Found a basalt altar of Yredelemnul.
 23035 | D:15     | Received a gift from Trog
 23271 | D:10     | Killed farkougg's ghost
 23432 | Shoals:1 | Entered Level 1 of the Shoals
 23481 | Lair:3   | Identified a scroll of acquirement
 23685 | Shoals:1 | Noticed Frances
 23768 | Shoals:1 | Killed Frances
 23834 | Shoals:1 | Reached XP level 16. HP: 159/165 MP: 17/17
 23891 | Shoals:1 | Noticed Kirke
 23904 | Shoals:1 | Noticed Jorgrun
 23911 | Shoals:1 | Killed Jorgrun
 23953 | Shoals:1 | Killed Kirke
 24892 | Shoals:2 | Noticed Ilsuiw
 24939 | Shoals:2 | Killed Ilsuiw
 25236 | Shoals:2 | Noticed a kraken
 25500 | Shoals:3 | Received a gift from Trog
 25599 | Shoals:3 | Found Uletoil's Assorted Antiques.
 25693 | Shoals:3 | Reached skill level 16 in Unarmed Combat
 25714 | Shoals:3 | Received a gift from Trog
 25881 | Shoals:3 | Got a brightly glowing copper ring
 25884 | Shoals:3 | Identified the ring "Emuavekh" {+Fly rElec rC+ SInv} (You
                  | found it on level 3 of the Shoals)
 25898 | Shoals:3 | Reached skill level 10 in Shields
 26184 | Shoals:3 | Received a gift from Trog
 26360 | Shoals:4 | Entered Level 4 of the Shoals
 26685 | Shoals:4 | Received a gift from Trog
 27365 | Shoals:4 | Reached XP level 17. HP: 175/175 MP: 18/18
 27390 | Shoals:4 | Hit by a silver javelin thrown by a merfolk javelineer

Levels and vault maps discovered:
D:1:      lightli_arrival_statue_moat, layout_basic
D:2:      minmay_razor_zed, layout_basic, makhleb_grotto_becter, first_ration,
          fedhas_altar_3
D:3:      layout_loops_corners, chequers_ecumenical_altar_simple,
          grunt_ministairs_8
D:4:      layout_cave_pools, trog_eyes_of_draining, minmay_temple_entry_wispy,
          grunt_decor_cap
D:5:      layout_loops_cross, zin_purify, nemelex_xobeh_ov_fountains_minmay,
          lemuel_crystal_altar, kennysheep_mini,
          minmay_overflow_temple_star_quad, serial_shops, shop,
          nicolae_shop_competitors_out_of_business, nicolae_shop_crystal,
          nicolae_shop_temple_entry_statues_fountains, uniq_edmund, uniq_duvessa
D:6:      layout_basic, old_standard_altar, lemuel_crystal_altar,
          serial_park_tiny_1, minmay_bent
D:7:      layout_rooms, basic_altar
D:8:      layout_loops_ring, nicolae_overflow_hidden_temple,
          dancing_weapons_uskayaw, grunt_decor_mini_mirrors, chequers_jeans,
          hangedman_ranch [blue_anna_fruit_fields], bh_chokoban,
          minmay_misc_feat_roman
D:9:      layout_loops_ring, david_orc_3
D:10:     layout_rooms, enter_trove_1, ebering_ghost_reflecting_pool,
          minmay_misc_feat_nine_boxes, hangedman_decor_clover_reticule,
          uniq_psyche
D:11:     layout_basic, erik_lair_orcish_takeover
D:12:     minmay_sliced_demisemicircle, layout_rooms, special_room
          [special_room_bee], led_sif_book, uniq_erolcha
D:13:     layout_roguey, ximxim_vaults_locker_room, kennysheep_diamond
D:14:     minmay_chambers_of_sevens, layout_rooms, minmay_strange_pillars
D:15:     grunt_enter_depths_hoard, layout_basic, dk_noncrumbling_4,
          basic_altar, lemuel_mausoleum_altar_yredelemnul
Temple:   corrupted_temple
Lair:1:   beast_lair_carwin_large_1, layout_loops_ring, gammafunk_ghost_grave,
          wad_woods_road_03, st_stairs_6, small_statue_intersection,
          nicolae_quartered_pool_medium
Lair:2:   layout_chaotic_city, spider_nest_entry_rubble,
          ebering_ghost_reflecting_pool, st_stairs_10
Lair:3:   layout_regular_city, elwin_shoals_entry_rooms, serial_forest,
          infiniplex_forest_lined_ring, infiniplex_forest_lined_room_,
          infiniplex_forest_clump_large, infiniplex_forest_clump_double,
          infiniplex_forest_clump_tiny, grunt_forest_large_clearings,
          lemuel_fruit_tree
Lair:4:   layout_cave_pods, gammafunk_ghost_hive,
          eino_small_chamber_without_monster, fungi_pond_lemuel,
          beast_lair_carwin_3, grunt_megastairs_1
Lair:5:   layout_cave_pods, infiniplex_staircase_pool_2, grunt_megastairs_2
Lair:6:   evilmike_catoblepas_cave, layout_cave_pods, slime_altar_1, basic_altar
Shoals:1: layout_shoals, st_shoals_ruin, uniq_jorgrun, uniq_kirke, uniq_frances
Shoals:2: layout_shoals, uniq_ilsuiw
Shoals:3: layout_shoals, serial_shops, nicolae_shop_overgrown_old_shop
Shoals:4: shoals_end_simple, layout_shoals

Skill      XL: |  1  2  3  4  5  6  7  8  9 10 11 12 13 14 15 16 17 |
---------------+----------------------------------------------------+-----
Unarmed Combat | 4 5 6 7 8 10 11 13 14 15 16 | 16.5
Fighting       | 3 4 5 6 7 8 9 10 11 12 | 12.9
Dodging        | 3 4 5 6 7 8 9 10 11 | 11.7
Throwing       | 3 5 6 8 10 | 10.3
Evocations     | 2 3 |  3.0
Armour         | 1 2 3 |  3.1
Shields        | 8 10 | 10.3

Action                   |  1- 3 |  4- 6 |  7- 9 | 10-12 | 13-15 | 16-18 || total
-------------------------+-------+-------+-------+-------+-------+-------++-------
Melee: Unarmed           |    95 |   136 |   274 |   663 |  1081 |   472 ||  2721
       Punch             |     1 |     5 |    13 |    47 |    50 |       ||   116
       Giant spiked club |       |       |       |     3 |       |       ||     3
       Hand axe          |       |       |       |    11 |    35 |       ||    46
Throw: Stone             |       |     3 |       |       |       |       ||     3
       Boomerang         |       |       |       |    75 |   256 |       ||   331
       Javelin           |       |       |       |     6 |       |       ||     6
       Dart              |       |       |       |       |   247 |    26 ||   273
       Large rock        |       |       |       |       |     9 |    88 ||    97
       Throwing net      |       |       |       |       |     2 |       ||     2
Invok: Berserk           |       |     1 |    12 |    10 |    17 |     7 ||    47
       Trog's Hand       |       |       |       |     2 |     2 |       ||     4
       Brothers in Arms  |       |       |       |     1 |     1 |     4 ||     6
 Abil: Evoke Flight      |       |       |       |       |       |     1 ||     1
Evoke: Wand              |       |       |       |     3 |     3 |       ||     6
  Use: Scroll            |       |       |     4 |    15 |    15 |     3 ||    37
       Potion            |       |       |       |     3 |     4 |       ||     7
 Stab: Sleeping          |       |     1 |     1 |       |     1 |       ||     3
  Eat: Chunk             |    14 |    22 |    38 |    74 |   119 |    46 ||   313
       Ration            |       |       |       |       |     2 |       ||     2
Armor: Animal skin       |    30 |    40 |       |       |       |       ||    70
       Robe              |       |     2 |    40 |   100 |   158 |       ||   300
       Troll leather arm |       |       |       |       |    66 |    60 ||   126
       Ice dragon scales |       |       |       |       |       |    39 ||    39
Dodge: Dodged            |    39 |    69 |   110 |   332 |   558 |   174 ||  1282
Block: Large shield      |       |       |       |       |   324 |   481 ||   805
